 Dungeon Crawl Stone Soup version 0.21.1-1-g345015f (webtiles) character file.

409 Fang the Skirmisher (level 6, -4/40 HPs)
             Began as a Gargoyle Berserker on May 31, 2018.
             Was a Priest of Trog.
             Slain by a gnoll
             ... wielding a +0 halberd
              (9 damage)
             ... on level 3 of the Dungeon.
             The game lasted 00:03:05 (1970 turns).

Fang the Skirmisher (Gargoyle Berserker)            Turns: 1970, Time: 00:03:07

Health: -4/40      AC:  8    Str: 22    XL:     6   Next: 89%
Magic:  6/6        EV: 13    Int:  8    God:    Trog [***...]
Gold:   151        SH:  0    Dex:  9    Spells: 5/5 levels left

rFire    + . .     SeeInvis .   a - +0 hand axe
rCold    . . .     Gourm    .   (no shield)
rNeg     + + .     Faith    .   o - +1 leather armour {rN+}
rPois    ∞         Spirit   .   (helmet restricted)
rElec    +         Reflect  .   (no cloak)
rCorr    +         Harm     +   (no gloves)
MR       .....                  (no boots)
Stlth    +.........             n - amulet of harm
HPRegen  0.13/turn              f - ring of protection from fire
MPRegen  0.10/turn              k - ring of resist corrosion

@: no status effects
A: fangs 1, horns 1, high mp 1, negative energy resistance 1, electricity
resistance, unbreathing, petrification resistance, rot immunity, subdued magic
1, AC +4
a: Berserk, Trog's Hand, Burn Spellbooks, Renounce Religion


You were on level 3 of the Dungeon.
You worshipped Trog.
Trog was most pleased with you.
You were not hungry.

You visited 1 branch of the dungeon, and saw 3 of its levels.

You collected 151 gold pieces.

Inventory:

Hand Weapons
 a - a +0 hand axe (weapon)
Armour
 o - a +1 leather armour of positive energy (worn)
Jewellery
 f - a ring of protection from fire (left hand)
 k - a ring of resist corrosion (right hand)
 n - an amulet of harm (around neck)
Scrolls
 e - a scroll of blinking {unknown}
 g - a scroll of random uselessness {unknown}
 h - a scroll of identify {unknown}
 j - a scroll of remove curse {unknown}
Potions
 b - a potion of ambrosia
 i - a potion of curing
 m - a potion of brilliance {unknown}
Comestibles
 c - 5 rations


   Skills:
 + Level 5.2 Fighting
 + Level 4.5 Axes
 + Level 2.3 Armour
 + Level 3.6 Dodging
 + Level 0.4 Stealth


You had 5 spell levels left.
You didn't know any spells.

Dungeon Overview and Level Annotations

Branches:
Dungeon (3/15)

Altars:


Innate Abilities, Weirdness & Mutations

You are resistant to torment.
Your stone body is resilient. (AC +4)
You are immune to poison.
You resist negative energy. (rN+)
You are resistant to electric shocks. (rElec)
You can survive without breathing.
You are immune to petrification.
You are immune to rotting.
You have very sharp teeth.
You have a pair of small horns on your head.
You have an increased reservoir of magic. (+10% MP)
Your spells are a little easier to cast, but a little less powerful.


Message History

You feel more protected from negative energy.
You are no longer glowing.
The gnoll misses you. The gnoll hits you but does no damage.
The gnoll closely misses you.
The gnoll shaman hits you but does no damage.
You barely miss the gnoll shaman.
You bite the gnoll shaman, but do no damage.
The gnoll shaman is severely wounded.
You barely miss the gnoll.
The gnoll hits you from afar with a spear.
* * * LOW HITPOINT WARNING * * *
The gnoll hits you but does no damage.
The gnoll shaman hits you but does no damage.
You barely miss the gnoll shaman.
You kill the gnoll shaman!
Trog accepts your kill.
You hit the gnoll but do no damage. The gnoll misses you.
The gnoll hits you but does no damage. x2
The gnoll hits you from afar with a halberd!
You die...

.†.............................).
≈≈≈≈≈≈≈≈≈≈≈≈≈≈≈≈≈≈....≈≈≈≈≈≈≈≈≈≈≈
≈≈≈≈≈≈≈≈≈≈≈≈≈≈≈≈≈≈....≈≈≈≈≈≈≈≈≈≈≈
≈#####≈≈≈≈≈≈≈≈≈≈≈≈....≈≈≈≈≈≈≈≈≈≈≈
≈#ggg#...........................
≈#.g.#############''''###########
≈###'# #.......#....# ≈≈.#..
#.....))#....#... ≈≈.#
#....gg@)g...'... ≈≈.#
#'############### ≈≈.# ≈≈.# ≈≈.#
≈≈.# ≈≈.#.# ≈###'#
≈#...############################


You could see 3 gnolls.

Vanquished Creatures
  An orc priest (D:2)
  2 orc wizards (D:3)
  3 gnoll shamans (D:3)
  A hound zombie (D:2)
  7 gnolls (D:3)
  6 adders
  An ooze (D:2)
  3 dart slugs
  2 leopard geckos (D:2)
  10 orcs
  5 bats
  4 giant cockroaches
  5 goblins
  6 hobgoblins
  18 jackals
  6 frilled lizards
  4 kobolds
  6 rats
90 creatures vanquished.

Notes
Turn   | Place    | Note
-------+----------+-------------------------------------------
     0 | D:1      | Fang the Gargoyle Berserker began the quest for the Orb.
     0 | D:1      | Reached XP level 1. HP: 14/14 MP: 1/1
   334 | D:1      | Reached XP level 2. HP: 18/19 MP: 2/2
   473 | D:2      | Reached XP level 3. HP: 24/24 MP: 3/3
   628 | D:2      | Reached XP level 4. HP: 24/29 MP: 4/4
   665 | D:2      | Reached ** piety under Trog
   665 | D:2      | Reached skill level 4 in Fighting
  1011 | D:2      | Reached XP level 5. HP: 33/33 MP: 5/5
  1348 | D:3      | Reached XP level 6. HP: 36/39 MP: 6/6
  1354 | D:3      | Reached *** piety under Trog
  1925 | D:3      | Gained mutation: You have an increased reservoir of magic. (+10% MP) [potion of mutation]
  1925 | D:3      | Gained mutation: Your spells are a little easier to cast, but a little less powerful. [potion of mutation]
  1925 | D:3      | Gained mutation: You have very sharp teeth. [potion of mutation]
  1925 | D:3      | Gained mutation: You have a pair of small horns on your head. [potion of mutation]
  1931 | D:3      | Reached skill level 5 in Fighting
  1970 | D:3      | Slain by a gnoll

Skill      XL: |  1  2  3  4  5  6 |
---------------+-------------------+-----
Axes           | 3 4 |  4.5
Dodging        | 2 3 |  3.6
Fighting       | 4 5 |  5.2
Armour         | |  2.3
Stealth        | |  0.4

Action                   |  1- 3 |  4- 6 || total
-------------------------+-------+-------++-------
Melee: Hand axe          |    64 |   185 ||   249
       Headbutt          |       |     1 ||     1
       Bite              |       |     1 ||     1
Invok: Berserk           |     1 |     4 ||     5
  Use: Potion            |       |     4 ||     4
 Stab: Sleeping          |     1 |       ||     1
  Eat: Chunk             |       |     8 ||     8
Armor: Animal skin       |    26 |    15 ||    41
       Leather armour    |       |    96 ||    96
       Skin              |       |    68 ||    68
Dodge: Dodged            |    77 |   160 ||   237
